 Dungeon Crawl Stone Soup version 0.26.0-10-g1f06aea511 (webtiles) character file.

Game seed: 5488103020060626230

19 inc the Vexing (level 2, 0/11 HPs)
             Began as a Felid Enchanter on Feb 2, 2021.
             Slain by a hobgoblin (3 damage)
             ... on level 1 of the Dungeon.
             The game lasted 00:01:05 (1314 turns).

inc the Vexing (Felid Enchanter)                    Turns: 1314, Time: 00:01:06

Health: 0/11       AC:  1    Str:  4    XL:     2   Next: 55%
Magic:  2/6        EV: 18    Int: 16    God:
Gold:   55         SH:  0    Dex: 16    Spells: 2/5 levels left
                                        Lives:  0   Deaths: 0

rFire    . . .     SeeInvis +     - Unarmed
rCold    . . .     Faith    .   (shield unavailable)
rNeg     . . .     Spirit   .   (armour unavailable)
rPois    .         Reflect  .   (helmet unavailable)
rElec    .         Harm     .   (cloak unavailable)
rCorr    .         Rampage  .   (gloves unavailable)
Will     .....                  (boots unavailable)
Stlth    +++.......             (no amulet)
HPRegen  0.03/turn              (no ring)
MPRegen  0.10/turn              (no ring)

@: quick
A: very small, no armour, no weapons or thrown items, stealth, claws 1, fangs 3,
see invisible, speed 1, shaggy fur 1, sharp paws
a: no special abilities


You were on level 1 of the Dungeon.
You visited 1 branch of the dungeon, and saw 1 of its levels.

You collected 55 gold pieces.

Inventory:

Scrolls
 a - a scroll of identify {unknown}
 c - a scroll of noise {unknown}
 d - 2 scrolls of immolation {unknown}
 e - a scroll of enchant weapon {unknown}
 f - a scroll of remove curse {unknown}
Potions
 b - 2 potions of brilliance {unknown}
 g - 3 potions of might {unknown}
 h - a potion of flight {unknown}
 i - a potion of berserk rage {unknown}


   Skills:
 - Level 2.6 Dodging
 - Level 4.0 Stealth
 - Level 2.6 Unarmed Combat
 - Level 2.0 Spellcasting
 + Level 4.4 Hexes


You had 2 spell levels left.
You knew the following spells:

 Your Spells              Type           Power        Failure   Level
a - Corona                Hex            16%          3%          1
b - Ensorcelled Hibernat  Hex/Ice        16%          13%         2

Your spell library contained the following spells:

 Spells                   Type           Power        Failure   Level
 Confusing Touch          Hex            15%          11%         3
 Tukima's Dance           Hex            15%          11%         3
 Dazzling Flash           Conj/Hex       16%          26%         3


Dungeon Overview and Level Annotations

Branches:
Dungeon (1/15)

Altars:


Innate Abilities, Weirdness & Mutations

You cannot wear armour.
You are incapable of wielding weapons or throwing items.
Your paws allow you to move quietly. (Stealth)
You have sharp claws.
You have razor-sharp teeth.
You have supernaturally acute eyesight. (SInv)
You cover ground quickly.
You are covered in fur. (AC +1)
Your sharp claws are effective at attacking unaware monsters.


Message History

You are too injured to fight recklessly!
You are too injured to fight recklessly!
You are too injured to fight recklessly!
You are too injured to fight recklessly!
A hobgoblin is nearby!
There is an open door here.
Casting: Ensorcelled Hibernation (safe; 13% risk of failure)
Confirm with . or Enter, or press ? or * to list all spells.
Aiming: Ensorcelled Hibernation (safe; 13% risk of failure)
Press: ? - help, Shift-Dir - straight line, f - hobgoblin
Aim: a hobgoblin (moderately wounded, chance to affect: 57%)
The hobgoblin resists with significant effort.
Casting: Ensorcelled Hibernation (safe; 13% risk of failure)
Confirm with . or Enter, or press ? or * to list all spells.
Aiming: Ensorcelled Hibernation (safe; 13% risk of failure)
Press: ? - help, Shift-Dir - straight line, f/p - hobgoblin
Aim: a hobgoblin (moderately wounded, chance to affect: 57%)
The hobgoblin resists with significant effort.
The hobgoblin hits you.
You die...

#.###....## ##.## #.....#
).#..##..# #.# #.#...# .#.##.#..#
#.# #.###.# .#.##.#..# ##'##
#...... .##..#...# ##...##
####### ...###.#.# ##.....## ####
.......#.#. ##.......## ##.##
########....####.........####...#
...!.....g@........+.......
###...####.........####.... #..
##.......######... #. ##...†.##
#...... # ##...## #...... ##'##
#...... #######.# ####...
#.......# #... #.####..## #...


You could see a hobgoblin.

Vanquished Creatures
  A dart slug (D:1)
  A ball python (D:1)
  2 bats (D:1)
  A giant cockroach (D:1)
  3 goblins (D:1)
  A hobgoblin (D:1)
  5 kobolds (D:1)
  2 rats (D:1)
16 creatures vanquished.

Notes
Turn   | Place    | Note
-------+----------+-------------------------------------------
     0 | D:1      | inc the Felid Enchanter began the quest for the Orb.
     0 | D:1      | Reached XP level 1. HP: 7/7 MP: 4/4
   760 | D:1      | Reached XP level 2. HP: 7/11 MP: 4/6
   763 | D:1      | Learned a level 2 spell: Ensorcelled Hibernation
  1314 | D:1      | Slain by a hobgoblin

Illustrated notes

Levels and vault maps discovered:
D:1:      dpeg_arrival_three_same_balls, layout_loops_corners,
          minmay_tetromino_l4

Skill      XL: |  1 |
---------------+----+-----
Unarmed Combat | 2 |  2.6
Dodging        | |  2.6
Stealth        | |  4.0
Spellcasting   | |  2.0
Hexes          | |  4.4

Action                   || total
-------------------------++-------
Melee: Unarmed           ||    53
       Bite              ||     2
 Cast: Corona            ||     3
       Ensorcelled Hiber ||     9
 Stab: Sleeping          ||     6
Armor: Skin              ||     2
Dodge: Dodged            ||    40
